 Dungeon Crawl Stone Soup version 0.24-a0-284-g9fb9971df1 (webtiles) character file.

Game seed: 7218901755263910228

101 Redear the Insei (level 4, -6/28 HPs)
             Began as an Octopode Transmuter on May 4, 2019.
             Mangled by an orc
             ... wielding a +0 trident
              (11 damage)
             ... on level 3 of the Dungeon.
             The game lasted 00:02:54 (2415 turns).

Redear the Insei (Octopode Transmuter)              Turns: 2415, Time: 00:02:55

Health: -6/28      AC:  1    Str: 10    XL:     4   Next: 75%
Magic:  7/8        EV: 13    Int: 15    God:
Gold:   274        SH:  0    Dex: 12    Spells: 3/8 levels left

rFire    . . .     SeeInvis .     - Unarmed
rCold    . . .     Gourm    .   (no shield)
rNeg     . . .     Faith    .   (helmet restricted)
rPois    .         Spirit   .   (no amulet)
rElec    .         Reflect  .   (no ring)
rCorr    .         Harm     .   (no ring)
MR       .....                  (no ring)
Stlth    ++........             (no ring)
HPRegen  0.09/turn              (no ring)
MPRegen  0.11/turn              (no ring)
                                (no ring)
                                (no ring)

@: appendage (expiring)
A: almost no armour, stealthy swim, amphibious, 8 rings, constrict 8, tentacle
spike 3, camouflage 1, gelatinous body 1
a: End Transformation


You were on level 3 of the Dungeon.
You were not hungry.
One of your tentacles had a temporary spike.
You visited 1 branch of the dungeon, and saw 3 of its levels.

You collected 274 gold pieces.

Inventory:

Missiles
 a - 76 arrows
Jewellery
 b - an uncursed amulet of regeneration {unknown}
Scrolls
 c - a scroll of blinking {unknown}
 e - 3 scrolls of teleportation {unknown}
 f - a scroll of enchant weapon {unknown}
 h - 4 scrolls of identify {unknown}
 i - 2 scrolls of remove curse {unknown}
 j - a scroll of random uselessness {unknown}
 k - a scroll of magic mapping {unknown}
Potions
 d - a potion of heal wounds {unknown}
 g - a potion of mutation {unknown}
Comestibles
 z - 7 rations


   Skills:
 - Level 1.0 Fighting
 - Level 2.0 Dodging
 + Level 3.8 Unarmed Combat
 + Level 2.9 Spellcasting
 + Level 3.1 Transmutations
 + Level 0.7 Ice Magic


You had 3 spell levels left.
You knew the following spells:

 Your Spells              Type           Power        Failure   Level  Hunger
z - Beastly Appendage     Tmut           ##....       5%          1    #......
I - Ice Form              Ice/Tmut       #.......     65%         4    #####..

Your spell library contained the following spells:

 Spells                   Type           Power        Failure   Level  Hunger
 Sticks to Snakes         Tmut           ##......     9%          2    ##.....
 Spider Form              Tmut/Pois      #.........   32%         3    ###....
 Blade Hands              Tmut           ##........   83%         5    ######.


Dungeon Overview and Level Annotations

Branches:
Dungeon (3/15)

Altars:
Nemelex Xobeh
Okawaru


Innate Abilities, Weirdness & Mutations

You cannot wear most types of armour.
You are very stealthy in the water. (Stealth+)
You are amphibious.
You can wear up to eight rings at the same time.
You can use your tentacles to constrict eight enemies at once.
Your skin changes colour to match your surroundings (Stealth+).
Your rubbery body absorbs attacks. (AC +1, EV +1)
One of your tentacles bears a large vicious spike.


Message History

The orc shouts!
An orc comes into view. It is wielding a +0 hand axe.
You bump into the rock wall.
Your transformation is almost over.
The orc wizard hits you with a +1 dagger of electrocution.
You are electrocuted!!
Ouch! That really hurt!
* * * LOW HITPOINT WARNING * * *
The orc barely misses you.
You take 23 damage, and have 5/28 hp.
MASSIVE DAMAGE!!
You closely miss the orc wizard.
You pierce the orc wizard, but do no damage.
You feel less confused. The orc wizard closely misses you.
The orc barely misses you.
You tentacle-slap the orc wizard. Your grab misses the orc wizard.
You pierce the orc wizard.
The orc wizard is heavily wounded.
The orc wizard misses you.
The orc hits you from afar with a +0 trident!
You die...

##...#.###........#
#......# #..###...#
##...#.###..# #....
##.##......####..#
#.#######.#...... #.####
#........ #.##.##
#...≈≈≈≈.
#.######.#...###..8≈≈≈≈.
..oogoo@...........≈≈≈≈.
#.######.#...####.......
#......## ##......
#.##..## ##....) #.#.#.#
##...# #.##..# ##'##
#.....# ######.#
#####.### ##...##.#
#.......###.....#.##


You could see an orc wizard, 3 orcs and a hobgoblin.

Vanquished Creatures
  Terence (D:3)
  A hound skeleton (D:3)
  2 adders
  A worm (D:2)
  A dart slug (D:3)
  2 giant cockroaches
  7 goblins
  3 hobgoblins
  A quokka (D:3)
  9 bats
  2 frilled lizards
  8 kobolds
  4 rats
42 creatures vanquished.

Vanquished Creatures (others)
  4 toadstools (D:2)
4 creatures vanquished.

Grand Total: 46 creatures vanquished

Notes
Turn   | Place    | Note
-------+----------+-------------------------------------------
     0 | D:1      | Redear the Octopode Transmuter began the quest for the Orb.
     0 | D:1      | Reached XP level 1. HP: 13/13 MP: 3/3
   186 | D:1      | You fall through a shaft!
   228 | D:2      | Found a faded altar of an unknown god.
   309 | D:1      | Reached XP level 2. HP: 14/18 MP: 5/5
   738 | D:2      | Reached XP level 3. HP: 15/23 MP: 6/6
  1189 | D:2      | Found a sparkling altar of Nemelex Xobeh.
  1697 | D:3      | Found an iron altar of Okawaru.
  1768 | D:3      | Reached XP level 4. HP: 12/28 MP: 5/8
  1991 | D:3      | Learned a level 4 spell: Ice Form
  2082 | D:3      | Reached skill level 3 in Transmutations
  2083 | D:3      | Noticed Terence
  2119 | D:3      | Killed Terence
  2415 | D:3      | Mangled by an orc

Levels and vault maps discovered:
D:1:      shiori_arrival_elements, layout_rooms
D:2:      layout_loops_ring, nemelex_xobeh_ov_fountains_minmay,
          chequers_ecumenical_altar_simple_redux, minmay_gold_behind_fungi,
          minmay_cut_off
D:3:      layout_loops_corners, lemuel_coloured_pillars_altar, first_ration,
          serial_park_tiny_pond, uniq_terence

Skill      XL: |  1  2  3  4 |
---------------+-------------+-----
Transmutations | 3 |  3.1
Fighting       | |  1.0
Dodging        | |  2.0
Unarmed Combat | |  3.8
Spellcasting   | |  2.9
Ice Magic      | |  0.7

Action                   |  1- 3 |  4- 6 || total
-------------------------+-------+-------++-------
Melee: Unarmed           |    72 |    20 ||    92
       Constrict         |    22 |     5 ||    27
       Tentacles         |    13 |     4 ||    17
       Kick              |     1 |     7 ||     8
       Punch             |       |     1 ||     1
 Cast: Beastly Appendage |     3 |     2 ||     5
 Stab: Sleeping          |     9 |       ||     9
  Eat: Chunk             |     2 |       ||     2
       Ration            |       |     1 ||     1
Armor: Skin              |     5 |     3 ||     8
Dodge: Dodged            |    44 |    13 ||    57

Table legend:
 A = Non-vault XP
 B = Vault XP
 C = Vault XP percentage of total XP
 D = Non-vault monster count
 E = Vault monster count
 F = Vault count percentage of total count
                 A         B        C        D         E       F
            +---------+---------+-------+---------+---------+-------
      Total |     104 |      41 |  28.3 |      38 |       4 |   9.5
            +---------+---------+-------+---------+---------+-------
        D:1 |      19 |       0 |   0.0 |      14 |       0 |   0.0
        D:2 |      35 |       5 |  12.5 |      12 |       3 |  20.0
        D:3 |      50 |      36 |  41.9 |      12 |       1 |   7.7
            +---------+---------+-------+---------+---------+-------
